 Dungeon Crawl Stone Soup version 0.32-a0-732-ga344392067 (webtiles) character file.

Game seed: 5350586585286548600

387 ragingrage the Chiller (level 6, 0/43 HPs)
             Began as a Demonspawn Ice Elementalist on Mar 16, 2024.
             Was a Priest of Uskayaw.
             Succumbed to a killer bee's poison
             ... on level 4 of the Dungeon.
             The game lasted 00:08:33 (3105 turns).

ragingrage the Chiller (DsIE)                       Turns: 3105, Time: 00:08:33

Health: 0/43       AC:  5    Str:  8    XL:     6   Next: 49%
Magic:  5/9        EV: 11    Int: 24    God:    Uskayaw [***...]
Gold:   150        SH:  0    Dex: 13    Spells: 2/9 levels left

rFire   . . .        a - +0 arbalest
rCold   . . .        (shield currently unavailable)
rNeg    . . .        g - +2 robe {Will+}
rPois   .            (helmet restricted)
rElec   +            (no cloak)
rCorr   .            f - +0 pair of gloves "Qiosylyja" {rElec SInv}
SInv    +            (no boots)
Will    +....        (no amulet)
Stlth   ++           i - +6 ring of intelligence
HPRegen 0.27/turn    (no ring)
MPRegen 0.11/turn

%: no passive effects
@: lethally poisoned (0 -> -3)
A: hooves 2, horns 1, inability to drink after injury 1, MP-powered wands
a: Renounce Religion, Stomp, Line Pass


You were on level 4 of the Dungeon.
You worshipped Uskayaw.
Uskayaw was noncommittal.
You visited 1 branch of the dungeon, and saw 4 of its levels.

You collected 150 gold pieces.

Inventory:

Hand Weapons
 a - a +0 arbalest (weapon)
 b - a +1 dagger
 k - a +0 sling
Armour
 f - the +0 pair of gloves "Qiosylyja" (worn) {rElec SInv}
   (You found it on level 2 of the Dungeon)

   rElec:     It insulates you from electricity.
   SInv:      It lets you see invisible.
 g - a +2 robe of willpower (worn)
Jewellery
 i - a +6 ring of intelligence (left hand)
Wands
 n - a wand of mindburst (18)
Scrolls
 c - a scroll of enchant weapon
 d - a scroll of enchant armour
 e - a scroll of noise
 l - a scroll of torment
Potions
 m - a potion of mutation


   Skills:
 - Level 1.0 Fighting
 + Level 0.7 Short Blades
 - Level 1.7 Dodging
 - Level 2.3 Stealth
 - Level 2.0 Spellcasting
 + Level 0.9 Summonings
 * Level 6.7 Ice Magic


You had 2 spell levels left.
You knew the following spells:

 Your Spells              Type           Power      Damage    Failure   Level
a - Freeze                Ice            100%       1d10      1%          1
b - Frozen Ramparts       Ice            68%        1d11      2%          3
c - Summon Ice Beast      Ice/Summ       20%        N/A       8%          3

Your spell library contained the following spells:

 Spells                   Type           Power      Damage    Failure   Level
 Ozocubu's Armour         Ice            34%        N/A       2%          3
 Summon Blazeheart Golem  Fire/Summ      4%         N/A       69%         4
 Orb of Destruction       Conj           1%         9d5       100%        7
 Spellforged Servitor     Conj/Summ      2%         N/A       100%        7


Dungeon Overview and Level Annotations

Branches:
Dungeon (4/15)
 Temple: D:4-7

Altars:
Uskayaw

Annotations:
D:2 Sigmund
D:3 exclusion: 2 downstairs


Innate Abilities, Weirdness & Mutations

You have hoof-like feet.
You have a pair of small horns on your head.
You occasionally lose the ability to drink potions when taking damage.
You expend magic power (3 MP) to strengthen your wands.


Message History

Okay, then.
Really quaff the potion of mutation?
Okay, then.
Unknown command.
Unknown command.
Okay, then.
Okay, then.
Okay, then.
Casting: Freeze (safe; 1% risk of failure)
Aiming: Freeze (safe; 1% risk of failure)
Press: ? - help, Shift-Dir - straight line, f/p - killer bee
Aim: a killer bee (heavily wounded)
You freeze the killer bee!
You kill the killer bee!
* * * LOW HITPOINT WARNING * * *
You feel very sick.
Uskayaw will force your foes to helplessly watch your dance.
Okay, then.
As you read the scroll labelled ETUZU QUEXUR, it crumbles to dust.
You hear a loud clanging noise!
It was a scroll of noise.
* * * LOW HITPOINT WARNING * * *
You feel very sick.
You hear a shout! x3; You hear an angry hiss. x2
Blink to where?
Press: ? - help, Dir - move target The frozen ramparts melt away as you move.
As you read the scroll labelled SIETHR WIEBBOE, it crumbles to dust.
It was a scroll of blinking.
* * * LOW HITPOINT WARNING * * *
You feel sick.
As you read the scroll labelled GUMMER MEGOUX, it crumbles to dust.
It is a scroll of identify.
l - a scroll of torment
* * * LOW HITPOINT WARNING * * *
You feel sick.
* * * LOW HITPOINT WARNING * * *
You feel sick.
You die...
Your body falls in perfect tune with the rhythm.

))O<.# ####..###### #.# .#####
#....## #.# ######## ###.#### #.#
....... ##...# #.# ........
##..### #####.#### ........##..##
#......... ............#
#.....)..†
.....?.>.##.############...>.....
........###††).)@................
##g.y.. ##############.........
....### ###......... .⌠ß.
#......##### ... #......# .⌠
#......# #......# #......#
#......#


There were no monsters in sight!

Vanquished Creatures
  3 killer bees (D:4)
  A bombardier beetle (D:3)
  A gnoll bouda (D:4)
  2 orc wizards
  7 gnolls
  3 ribbon worms
  8 orcs
  6 endoplasms
  2 giant cockroaches
  6 goblins
  4 hobgoblins
  5 quokkas
  7 ball pythons
  6 bats
  4 frilled lizards
  7 kobolds
  3 rats
75 creatures vanquished.

Notes
Turn   | Place    | Note
-------+----------+-------------------------------------------
     0 | D:1      | ragingrage the Demonspawn Ice Elementalist began the quest
                  | for the Orb.
     0 | D:1      | Reached XP level 1. HP: 13/13 MP: 3/3
   289 | D:1      | Discovered your monstrous ancestry.
   289 | D:1      | Gained mutation: You have large cloven feet. [demonic
                  | ancestry]
   289 | D:1      | Reached XP level 2. HP: 20/20 MP: 0/5
   509 | D:2      | Identified the +0 pair of gloves "Qiosylyja" {rElec SInv}
   667 | D:1      | Reached skill level 1 in Fighting
   667 | D:1      | Reached skill level 4 in Ice Magic
  1167 | D:1      | Reached XP level 3. HP: 26/26 MP: 6/6
  1171 | D:1      | Learned a level 3 spell: Frozen Ramparts
  1214 | D:1      | Found a faded altar of an unknown god.
  1576 | D:2      | Noticed Sigmund
  1808 | D:3      | Found a hide-covered altar of Uskayaw.
  1847 | D:3      | Reached XP level 4. HP: 13/32 MP: 0/7
  1855 | D:2      | Reached skill level 5 in Ice Magic
  2315 | D:3      | Became a worshipper of Uskayaw the Reveller
  2371 | D:3      | Reached * piety under Uskayaw
  2390 | D:3      | Reached ** piety under Uskayaw
  2391 | D:3      | Gained mutation: You have a pair of small horns on your
                  | head. [demonic ancestry]
  2391 | D:3      | Reached XP level 5. HP: 37/37 MP: 5/8
  2816 | D:4      | Noticed an ogre
  2825 | D:4      | Reached *** piety under Uskayaw
  2826 | D:4      | Reached skill level 6 in Ice Magic
  2904 | D:4      | Reached **** piety under Uskayaw
  2905 | D:4      | Gained mutation: You have hoof-like feet. [demonic
                  | ancestry]
  2905 | D:4      | Reached XP level 6. HP: 30/43 MP: 3/9
  2994 | D:4      | Learned a level 3 spell: Summon Ice Beast
  3099 | D:4      | Gained mutation: You occasionally lose the ability to drink
                  | potions when taking damage. [potion of mutation]
  3099 | D:4      | Gained mutation: You expend magic power (3 MP) to
                  | strengthen your wands. [potion of mutation]
  3103 | D:4      | HP: 2/43 [poisoned by a killer bee]
  3105 | D:4      | Succumbed to a killer bee's poison

Illustrated notes

Levels and vault maps discovered:
D:1:      dpeg_arrival_three_smaller_balls, layout_loops_cross,
          hellmonk_ecumenical_altar_run_dry, chequers_serial_rivers_small_a
D:2:      layout_rooms, uniq_sigmund
D:3:      layout_rooms, overflow_temple_1_default,
          hangedman_abyss_or_decor_stabs
D:4:      layout_rooms, minmay_temple_entry_drinking_statues,
          grunt_decor_junction

Skill      XL: |  1  2  3  4  5 |
---------------+----------------+-----
Stealth        | 2 |  2.3
Fighting       | 1 |  1.0
Ice Magic      | 4 5 6 |  6.7
Short Blades   | |  0.7
Dodging        | |  1.7
Spellcasting   | |  2.0
Summonings     | |  0.9

Action                     |  1- 3 |  4- 6 || total
---------------------------+-------+-------++-------
   Fire: Sling             |    79 |    13 ||    92
         Arbalest          |       |    36 ||    36
   Cast: Freeze            |    44 |    15 ||    59
         Frozen Ramparts   |     2 |     9 ||    11
    Use: Scroll            |       |     5 ||     5
         Potion            |       |     2 ||     2
 Armour: Robe              |    27 |    20 ||    47
  Dodge: Dodged            |    25 |    17 ||    42

Table legend: (Time is in decaauts)
 A = Elapsed time spent in this place.
 B = Non-inter-level travel time spent in this place.
 C = Inter-level travel time spent in this place.
 D = Time resting spent in this place.
 E = Time spent auto-exploring this place.
 F = Levels seen in this place.
 G = Mean time per level.
                   A        B        C        D        E       F      G
               +--------+--------+--------+--------+--------+-----+--------+
         Total |   3175 |   2862 |    313 |    771 |   1468 |   4 |  793.8 |
       Dungeon |   3175 |   2862 |    313 |    771 |   1468 |   4 |  793.8 |
               +--------+--------+--------+--------+--------+-----+--------+

Top non-repeatable levels by time:
     D:1: 1323 daAuts
     D:2: 972 daAuts
     D:3: 620 daAuts
     D:4: 259 daAuts
